[Event "*** Titled Tuesday Blitz"]
[Site "Chess.com"]
[Date "2019.07.02"]
[Round "6"]
[White "GremioPrudente"]
[Black "TheCavemanChesss"]
[Result "0-1"]
[WhiteElo "2226"]
[BlackElo "2422"]
[TimeControl "180+2"]
[EndTime "14:23:52 PDT"]
[Termination "TheCavemanChesss won by checkmate"]

1. d4 Nf6 2. Nf3 e6 3. c4 d5 4. Nc3 dxc4 5. e3 a6 6. Bxc4 b5 7. Bd3 Bb7 8. Qe2 c5 9. dxc5 Bxc5 10. O-O O-O 11. Rd1 Qe7 12. a3 Nbd7 13. b4 Bd6 14. Bb2 Rac8 15. Rac1 Rfd8 16. Bb1 Ne5 17. Nxe5 Bxe5 18. Rxd8+ Rxd8 19. f3 Bb8 20. Rd1 Rc8 21.
e4 Ba7+ 22. Kh1 Nh5 23. Qe1 h6 24. Ne2 e5 25. Ba2 Rc2 26. Rd2 Rxd2 27. Qxd2 Qh4 28.
Bc3 Qf2 29. Qe1 Qe3 30. Qd2 Qf2 31. Qe1 Qxe1+ 32. Bxe1 Kf8 33. Bc3 f6 34. g4 Nf4 35.
Nxf4 exf4 36. Kg2 Be3 37. e5 fxe5 38. Bxe5 Bc1 39. Bd6+ Ke8 40. Be6 Bxa3 41. Bxf4 Bxb4 42. Bf5 Ke7 43. g5 hxg5 44. Bxg5+ Kf7 45. Bc2 Bc6 46.
Kg3 a5 47. h4 a4 48. Bc1 Bd6+ 49. Kg4 b4 50. h5 b3 51. Bg6+ Kf8 52. h6 gxh6 53.
Bxh6+ Ke7 54. Bg5+ Kd7 55. Bf5+ Kc7 56. Bf6 a3 57.
Be6 Bd7 58. Kf5 Bxe6+ 59. Kxe6 b2 60. Bxb2 axb2 61. f4 b1=Q 62. f5 Qe4+ 63. Kf7 Qxf5+ 64. Kg8 Qg6+ 65. Kh8 Be5# 0-1

[Event "*** Titled Tuesday Blitz"]
[Site "Chess.com"]
[Date "2019.07.02"]
[Round "6"]
[White "AndrewMcStone"]
[Black "1d4_1-0"]
[Result "0-1"]
[WhiteElo "2140"]
[BlackElo "2218"]
[TimeControl "180+2"]
[EndTime "14:23:54 PDT"]
[Termination "1d4_1-0 won by resignation"]

1. d4 e6 2. c4 Nf6 3. Nc3 Bb4 4. f3 d5 5. a3 Bxc3+ 6. bxc3 c5 7. cxd5 exd5 8. e3 O-O 9. Bd3 Nc6 10. Ne2 Bd7 11. O-O cxd4 12. cxd4 Rc8 13. Ng3 Na5 14. Ra2 Nc4 15. Re2 Re8 16. Qe1 Qa5 17. Qf2 Bb5 18.
e4 Nxa3 19. Bxb5 Nxb5 20. e5 Nd7 21. Nf5 Nf8 22. Qg3 Ng6 23. h4 h5 24. f4 Qa4 25.
Be3 Rc2 26. Rxc2 Qxc2 27. Nxg7 Kxg7 28. f5 Nc7 29. Qg5 Ne6 30. Qf6+ Kg8 31. fxe6 fxe6 32.
Bh6 Re7 33. Bg5 Qe4 34. Kh1 Kh7 35. Qf2 Rg7 36. Bf6 Rf7 37. Qd2 Nxh4 38. Qg5 Qg4 39. Qxg4 hxg4 40. Ra1 Nf5 41. Rxa7 Nxd4 42. Kg1 Nc6 43.
Ra8 Kg6 44. Rg8+ Kf5 45. Rg5+ Ke4 46. Rxg4+ Kd3 47. Rg3+ Kc2 48. Kf2 b5 49. Ke2 b4 50.
Rg8 Rb7 51. Rc8 Rb6 52. Bd8 Ra6 53. Be7 b3 54. g4 b2 55. Ba3 b1=Q 0-1

[Event "*** Titled Tuesday Blitz"]
[Site "Chess.com"]
[Date "2019.07.02"]
[Round "6"]
[White "TenisMaster"]
[Black "MarcoRiehle"]
[Result "1-0"]
[WhiteElo "2843"]
[BlackElo "2711"]
[TimeControl "180+2"]
[EndTime "14:23:59 PDT"]
[Termination "TenisMaster won by resignation"]

1. e4 e5 2. Nf3 Nf6 3. d3 Nc6 4.
Be2 d5 5. Nbd2 Bc5 6. O-O O-O 7. c3 h6 8. b3 Be6 9. Bb2 Qe7 10. b4 Bb6 11. b5 Na5 12. Nxe5 dxe4 13. dxe4 Rad8 14.
Qc2 Bxa2 15. Rxa2 Qxe5 16. c4 Qf4 17. Bxf6 gxf6 18. c5 Bxc5 19. g3 Qd6 20. e5 Qxd2 21.
Qxd2 Rxd2 22. Rxd2 fxe5 23. Rc2 Bb6 24. Rd1 Nb3 25. Rd7 Nd4 26. Ra2 Nxe2+ 27. Rxe2 Re8 28. Kg2 Re6 29. Rd5 Bd4 30. Rc2 c5 31. bxc6 bxc6 32.
Rd7 Rf6 33. Rc7 c5 34. Rxa7 c4 35. Rd7 c3 36. f4 Rb6 37. fxe5 Rb2 38. Rxb2 cxb2 39.
Rb7 Bxe5 40. Kf3 Kg7 41. Ke4 Bf6 42. Kf5 Bc3 43. h4 Bd4 44. g4 Bc3 45. Ke4 Bf6 46. h5 Bc3 47. Rb6 Bf6 48. Kd5 Bc3 49. Kc5 Be5 50.
Kd5 Bc3 51. Kd6 Kf6 52. Rb5 Bd4 53. Kd7 Be5 54. Ke8 Ke6 55. Rb6+ Bd6 56. Rxb2 f5 57. g5 hxg5 58. h6 Kf6 59. Rb6 Kg6 60. Rxd6+ Kh7 61. Rf6 g4 62. Kf7 g3 63. Rxf5 Kxh6 64. Rf3 1-0

[Event "*** Titled Tuesday Blitz"]
[Site "Chess.com"]
[Date "2019.07.02"]
[Round "6"]
[White "BakaPG"]
[Black "Zubrrr"]
[Result "0-1"]
[WhiteElo "2719"]
[BlackElo "2744"]
[TimeControl "180+2"]
[EndTime "14:23:59 PDT"]
[Termination "Zubrrr won by resignation"]

1. e4 c5 2. Nf3 d6 3. d4 cxd4 4.
Nxd4 Nf6 5. Nc3 a6 6. Be3 e6 7. Be2 Qc7 8. g4 b5 9. a3 Bb7 10. f3 Nc6 11. g5 Nd7 12. Qd2 Rc8 13. O-O-O b4 14. axb4 Nxb4 15. Kb1 Nc5 16. Ncb5 Qa5 17. Na3 d5 18. c3 Nc6 19. exd5 Nxd4 20. cxd4 Qxd2 21.
Bxd2 Nb3 22. dxe6 Nxd4 23. exf7+ Kxf7 24. Bc4+ Kg6 25. Bd3+ Kh5 26. Rhg1 Bxf3 27. Rde1 Bxa3 28. bxa3 Rb8+ 29. Bb4 a5 30. g6 axb4 31. Re5+ Kh4 32. a4 hxg6 33. Rg3 Rhe8 34. Rc5 Rbc8 35. Rxc8 Rxc8 36. a5 g5 37. a6 g4 38. Rg1 Ra8 39. Rc1 Ne6 40. Rc4 Rxa6 41. Rxb4 Rd6 42. Bf5 Nd4 43.
Bc8 Kh3 44. Rb2 Ne2 45. Rb3 Kxh2 46. Kb2 Kg3 47. Ba6 Nd4 48. Ra3 Rb6+ 49. Kc1 Kf2 50. Ra2+ Ne2+ 51. Kd2 Rd6+ 52. Kc2 Be4+ 53. Kb3 Bd5+ 54.
Bc4 Rb6+ 55. Kc2 Bxc4 56. Ra3 g3 57. Kd2 Rb2+ 58. Kd1 Bb3+ 59. Rxb3 Rxb3 0-1

[Event "*** Titled Tuesday Blitz"]
[Site "Chess.com"]
[Date "2019.07.02"]
[Round "6"]
[White "wadsy27"]
[Black "GukeshDommaraju"]
[Result "1-0"]
[WhiteElo "2461"]
[BlackElo "2572"]
[TimeControl "180+2"]
[EndTime "14:24:00 PDT"]
[Termination "wadsy27 won by resignation"]

1. Nf3 Nf6 2. g3 e6 3. Bg2 b6 4. O-O Bb7 5. c4 Be7 6. b3 O-O 7. Bb2 d5 8. e3 c5 9. Nc3 Nc6 10. cxd5 exd5 11. d4 Re8 12. Re1 Bf8 13. Rc1 Rc8 14.
dxc5 bxc5 15. Na4 Ne4 16. Nd2 Nb4 17. Nxe4 dxe4 18. Bh3 Rc6 19. Qxd8 Rxd8 20. Bf1 Nd3 21. Bxd3 exd3 22. Red1 Rh6 23. Nxc5 Bxc5 24. Rxc5 Ra6 25.
a4 Rb6 26. Rc3 Rbd6 27. Ba3 R6d7 28. Rd2 Be4 29. Rc4 f5 30. Bc5 g5 31. g4 a5 32.
gxf5 Bxf5 33. e4 Be6 34. Rc3 Rc7 35. b4 axb4 36. Bxb4 Rb7 37. Bc5 Bh3 38. f3 Rbd7 39. Kf2 Be6 40. Ke3 Rc8 41. Rdxd3 Rdc7 42. Bd4 Rxc3 43.
Rxc3 Ra8 44. Ra3 Bd7 45. a5 Kf7 46. a6 Ke6 47. a7 Bc6 48. Ra6 Kd7 49. Be5 Bb7 50. Ra1 g4 51. Bb8 gxf3 52. Kxf3 Ke6 53.
Kf4 Bc6 54. Rd1 Bb7 55. Rd6+ Ke7 56. e5 h6 57. Rxh6 1-0

[Event "*** Titled Tuesday Blitz"]
[Site "Chess.com"]
[Date "2019.07.02"]
[Round "6"]
[White "MateSchmate"]
[Black "SmoothAsAHedgehog"]
[Result "1-0"]
[WhiteElo "2370"]
[BlackElo "2579"]
[TimeControl "180+2"]
[EndTime "14:24:01 PDT"]
[Termination "MateSchmate won by checkmate"]

1. d4 Nf6 2. Bf4 e6 3. e3 c5 4. c3 b6 5. Nf3 Bb7 6. Nbd2 Be7 7.
dxc5 bxc5 8. Qb3 Bd5 9. c4 Bc6 10. Ne5 O-O 11. Nxc6 Nxc6 12. Bd3 d5 13. a3 d4 14. e4 e5 15. Bg5 Rb8 16. Qc2 Nh5 17.
Bxe7 Qxe7 18. g3 g6 19. O-O Qe6 20. Qd1 Qh3 21. Rb1 f5 22. Qf3 f4 23. g4 Qxf3 24.
Nxf3 Nf6 25. g5 Ne8 26. Bc2 Nd6 27. Ba4 Na5 28. Nxe5 Nxe4 29. Nd7 Nd2 30. Nxf8 Nxb1 31. Rxb1 Kxf8 32. b4 cxb4 33. axb4 Nxc4 34. b5 Ke7 35. Rb4 Ne5 36. Kg2 Rd8 37. b6 axb6 38. Rxb6 d3 39. Rb7+ Ke6 40. Kf1 Kf5 41. h4 Kg4 42. Rxh7 Rb8 43. Ke1 Nc4 44. Bd1+ f3 45. Rf7 Rb1 46. Rxf3 Rxd1+ 47. Kxd1 Kxf3 48. h5 gxh5 49. g6 h4 50. g7 h3 51. g8=Q Nb2+ 52. Kd2 Nc4+ 53. Qxc4 Kxf2 54. Qxd3 h2 55. Qe4 Kg1 56. Qe1+ Kg2 57. Qe2+ Kg1 58. Ke3 h1=Q 59. Qf2# 1-0

[Event "*** Titled Tuesday Blitz"]
[Site "Chess.com"]
[Date "2019.07.02"]
[Round "6"]
[White "MathiasWomacka"]
[Black "saraswathii"]
[Result "1-0"]
[WhiteElo "2312"]
[BlackElo "2319"]
[TimeControl "180+2"]
[EndTime "14:24:05 PDT"]
[Termination "MathiasWomacka won by resignation"]

1. e4 c5 2. Nf3 e6 3. d4 cxd4 4. Nxd4 Nf6 5. Nc3 Nc6 6. Ndb5 Bb4 7. a3 Bxc3+ 8. Nxc3 d5 9. exd5 exd5 10. Bd3 d4 11. Ne2 O-O 12. O-O Qd5 13. Nf4 Qd6 14. Nh5 Nxh5 15. Qxh5 h6 16. Bd2 Bd7 17. f4 f5 18.
Rae1 Qf6 19. Qf3 Rad8 20. b4 a6 21. a4 Be6 22. b5 Bd5 23. Qf2 axb5 24. axb5 Na7 25.
Bb4 Rf7 26. Bc5 Nc8 27. Bxd4 Qg6 28. Be5 h5 29. Re3 Ne7 30. Rg3 Qe6 31. Re1 Be4 32. Bxe4 fxe4 33. Rxe4 Nf5 34. Rd3 Rxd3 35. cxd3 Qd5 36.
Qc2 Qxb5 37. g3 Rd7 38. Qc4+ Qxc4 39. dxc4 Rd2 40. Re1 Kf7 41. Rb1 Ne3 42. Rxb7+ Ke6 43. Rxg7 Rg2+ 44. Kh1 Rc2 45. h3 Rc1+ 46. Kh2 Rxc4 47.
Rg5 Rc2+ 48. Kg1 h4 49. gxh4 Nf5 50. h5 Rc1+ 51. Kg2 Rc2+ 52. Kf3 Rh2 53. Ke4 Ne7 54.
f5+ 1-0

[Event "*** Titled Tuesday Blitz"]
[Site "Chess.com"]
[Date "2019.07.02"]
[Round "6"]
[White "Zq1"]
[Black "monalize"]
[Result "1-0"]
[WhiteElo "2556"]
[BlackElo "2326"]
[TimeControl "180+2"]
[EndTime "14:24:07 PDT"]
[Termination "Zq1 won by resignation"]

1. d4 d5 2. c4 dxc4 3. Nf3 Nf6 4. e3 e6 5. Bxc4 a6 6. O-O c5 7. Bb3 Nc6 8. Qe2 cxd4 9. Rd1 Be7 10. exd4 O-O 11.
Nc3 Nb4 12. Ne5 Re8 13. Qf3 Nbd5 14. Nxd5 exd5 15. Bg5 Be6 16. Re1 Rc8 17. h3 h6 18. Bh4 b5 19. Re2 Qb6 20. Rd1 Ne4 21. Bxe7 Rxe7 22. Ng4 Rec7 23. Ree1 a5 24. Ne3 Ng5 25.
Qg3 Qb7 26. h4 Ne4 27. Qe5 Nf6 28. Nf5 Bxf5 29. Qxf5 a4 30. Bxa4 bxa4 31. Re3 Rc1 32. Rxc1 Rxc1+ 33. Kh2 Qc7+ 34. g3 Rc2 35. Kg2 Rxb2 36.
g4 Ne4 37. Rf3 Qb7 38. g5 hxg5 39. hxg5 Rxa2 40. Qe5 Rc2 41. Qe8+ Kh7 42. g6+ Kxg6 43. Qe5 f6 44. Qf5+ Kf7 45. Qh5+ Ke7 46. Qg6 Kd6 47.
Qe8 Qd7 48. Qb8+ Rc7 49. Qb4+ Ke6 50. Qf8 Qe7 51. Qg8+ Kd6 52. Rf5 Qe6 53. Qd8+ Kc6 54. Qa8+ Kb6 55. Qb8+ Rb7 56. Qd8+ Rc7 57. Qb8+ Ka5 58.
Rf3 Qg4+ 59. Rg3 Nxg3 60. Qxc7+ Kb4 61. Qc5+ Kb3 62. Qxd5+ Kc3 63. Qc5+ Kd2 64. Qb4+ Ke2 65. Qb2+ Kd3 66. Qa3+ Ke4 67. f3+ Kf4 68. fxg4 Ne4 69. Qf3+ 1-0

[Event "*** Titled Tuesday Blitz"]
[Site "Chess.com"]
[Date "2019.07.02"]
[Round "6"]
[White "Angry_Twin"]
[Black "2nd_life"]
[Result "0-1"]
[WhiteElo "2792"]
[BlackElo "2516"]
[TimeControl "180+2"]
[EndTime "14:24:08 PDT"]
[Termination "2nd_life won by checkmate"]

1. d4 Nf6 2. c4 g6 3. Nc3 Bg7 4. e4 O-O 5. Nf3 d6 6. Be2 e5 7.
dxe5 dxe5 8. Qxd8 Rxd8 9. Bg5 Re8 10. Nd5 Nxd5 11. cxd5 c6 12. Bc4 cxd5 13. Bxd5 Nd7 14. O-O-O Nb6 15. Bb3 Be6 16. Bxe6 Rxe6 17. Kb1 f6 18.
Bc1 Bf8 19. Ne1 Bc5 20. Nd3 Bd4 21. Rhe1 Rc8 22. Re2 Rec6 23. f4 Nc4 24. b3 Nd6 25. fxe5 fxe5 26. Bb2 Nb5 27. Nxe5 Bxb2 28. Nxc6 Ba3 29.
Rc2 bxc6 30. Rc4 Rc7 31. e5 Kf7 32. b4 Ke6 33. Kc2 c5 34. bxc5 Bxc5 35. Kb3 Kxe5 36. Ka4 Nd6 37. Rc2 Bb6 38. Re2+ Ne4 39. Kb5 Rc5+ 40.
Ka6 Ra5+ 41. Kb7 Ra4 42. Rd7 h5 43. g3 Kf5 44. Rd5+ Kg4 45. Re5 Nd6+ 46. Kc6 Nf5 47. Kb7 Kh3 48. Re6 Rg4 49. Rf6 Bg1 50. a4 a5 51. Ka6 Bxh2 52. Kxa5 Bxg3 53. Kb5 Nd4+ 54. Kb6 Nxe2 55. a5 Rb4+ 56. Kc5 Ra4 57. Kb5 Ra2 58.
Rxg6 Nd4+ 59. Kb6 Rb2+ 60. Ka7 Nb5+ 61. Kb7 Nc7+ 62. Kc6 h4 63. Rh6 Ra2 64. Rh5 Kg2 65. Kb6 h3 66. a6 Rxa6+ 67. Kb7 h2 68. Kb8 h1=Q 69. Rb5 Qh8+ 70. Kb7 Qa8# 0-1

[Event "*** Titled Tuesday Blitz"]
[Site "Chess.com"]
[Date "2019.07.02"]
[Round "6"]
[White "3f32"]
[Black "hermionegrangermagic"]
[Result "0-1"]
[WhiteElo "2470"]
[BlackElo "2366"]
[TimeControl "180+2"]
[EndTime "14:24:10 PDT"]
[Termination "hermionegrangermagic won by resignation"]

1. d4 d5 2. Nf3 Nf6 3. Bf4 c5 4. e3 Nc6 5. Nbd2 cxd4 6. exd4 g6 7. c3 Bg7 8. Bd3 O-O 9. O-O Bf5 10. Bxf5 gxf5 11.
Ne5 Ne4 12. Ndf3 f6 13. Nd3 Re8 14. h3 e5 15. Bh2 Qb6 16. Rc1 Rac8 17. Rc2 f4 18.
Re1 Rcd8 19. Rce2 Na5 20. Qa4 Nc4 21. Rxe4 Nxb2 22. Nxb2 dxe4 23. Nc4 Qc7 24. Rxe4 b5 25. Qxb5 Rb8 26. Qd5+ Kh8 27. Re1 exd4 28. Rxe8+ Rxe8 29. cxd4 Rd8 30. Qb5 Rb8 31. Qb3 Rxb3 32. axb3 Bf8 33. g3 Bd6 34. Kg2 Kg7 35. Nfd2 fxg3 36. Bxg3 Bxg3 37.
fxg3 Qc6+ 38. Kf2 Qd5 39. Nf3 a5 40. Ncd2 Qb7 41. Ke3 Qe7+ 42. Kf4 Qd6+ 43. Kg4 Qe6+ 44. Kf4 Qxh3 45. d5 h5 46. Ne4 Qg4+ 47. Ke3 Kf7 48. d6 Ke6 49. Nd4+ Ke5 50. Nc6+ Ke6 51. Nd4+ Kf7 52. Nf3 Qd7 53. Neg5+ fxg5 54. Ne5+ Ke6 55. Nxd7 Kxd7 56. Ke4 Kxd6 57. Kf5 h4 58. gxh4 gxh4 59. Kg4 Kc5 60. Kxh4 Kb4 61. Kg3 Kxb3 62. Kf2 Kb2 63. Ke2 a4 64. Kd2 a3 0-1

[Event "*** Titled Tuesday Blitz"]
[Site "Chess.com"]
[Date "2019.07.02"]
[Round "6"]
[White "M1711"]
[Black "darsen_sanzhaev"]
[Result "0-1"]
[WhiteElo "2497"]
[BlackElo "2636"]
[TimeControl "180+2"]
[EndTime "14:24:18 PDT"]
[Termination "darsen_sanzhaev won by checkmate"]

1. d4 Nf6 2. Bg5 Ne4 3. Bf4 c5 4. f3 Qa5+ 5. c3 Nf6 6. d5 Qb6 7. e4 Qxb2 8. Nd2 Qxc3 9. Bc7 Na6 10. Ne2 Qa3 11. Be5 d6 12. Bc3 Bd7 13. Qb1 b5 14. Kf2 g6 15. Bb2 Qa5 16. Bc3 Qb6 17.
a4 Bg7 18. axb5 Bxb5 19. Nf4 Bxf1 20. Rxf1 Ng4+ 21. fxg4 Bxc3 22. Nc4 Qxb1 23. Raxb1 Nb4 24. Ne2 Bg7 25. Rb3 O-O 26. Ra3 a6 27. Rb1 Rfb8 28. Kf3 Kf8 29. Nc1 Ke8 30. Na5 Nc2 31. Rxb8+ Rxb8 32.
Ra2 Nd4+ 33. Kf2 Ra8 34. Nd3 Nb5 35. Nc4 Nc3 36. Ra5 Nxe4+ 37. Kf3 Nc3 38. Nb6 Ra7 39.
Nc8 Rc7 40. Nb6 Ra7 41. Nc8 Rc7 42. Nb6 Bd4 43. Rxa6 f6 44. Nf4 Rb7 45. Ra8+ Kf7 46. Ne6 g5 47. Rf8+ Kg6 48. Rg8+ Kh6 49. Nc8 Nxd5 50. h4 gxh4 51. Ke4 Nc7 52. Nf8 Rb3 53.
g5+ fxg5 54. Kf5 e6+ 55. Ke4 Re3# 0-1

[Event "*** Titled Tuesday Blitz"]
[Site "Chess.com"]
[Date "2019.07.02"]
[Round "6"]
[White "enriquetejedor"]
[Black "yoolund"]
[Result "1-0"]
[WhiteElo "2593"]
[BlackElo "2604"]
[TimeControl "180+2"]
[EndTime "14:24:22 PDT"]
[Termination "enriquetejedor won by resignation"]

1. e4 c6 2. Nc3 d5 3. d4 dxe4 4. Nxe4 Bf5 5. Ng3 Bg6 6. Nf3 Nd7 7. Bd3 Ngf6 8. b3 e6 9. Bb2 Bd6 10. O-O Qc7 11. c4 O-O-O 12. Qe2 Bxd3 13. Qxd3 h5 14.
Ne4 Nxe4 15. Qxe4 Nf6 16. Qe2 h4 17. Rfd1 Nh5 18. c5 Bf4 19. b4 Nf6 20. a4 Nd5 21. b5 Rh6 22. a5 Rg6 23. a6 Bxh2+ 24. Nxh2 Rxg2+ 25. Kf1 Qxh2 26. axb7+ Kb8 27. Qf3 Nf4 28.
Ke1 Qg1+ 29. Kd2 Rxf2+ 30. Kc1 Rxf3 31. Rxg1 Ne2+ 32. Kd2 Nxg1 33. bxc6 Rf2+ 34. Kc3 Kc7 35.
Rxg1 Rf3+ 36. Kc4 Kxc6 37. Rxg7 Kxb7 38. Bc1 Rf1 39. Bg5 Rg1 40. Rxf7+ Kc8 41. Bxd8 Kxd8 42. Rxa7 Rc1+ 43. Kb5 Rd1 44. Kc4 Rc1+ 45. Kb4 Rb1+ 46. Kc3 Rc1+ 47. Kd3 Rd1+ 48. Ke3 h3 49. Rh7 Ra1 50.
Ke4 Re1+ 51. Kf4 Rf1+ 52. Ke5 Re1+ 53. Kd6 Ke8 54. Rxh3 Re4 55. Rd3 Kd8 56. c6 Kc8 57. Kc5 Kc7 58. Rg3 Re1 59. Rg7+ 1-0

[Event "*** Titled Tuesday Blitz"]
[Site "Chess.com"]
[Date "2019.07.02"]
[Round "6"]
[White "Witik"]
[Black "PIwan"]
[Result "0-1"]
[WhiteElo "2526"]
[BlackElo "2467"]
[TimeControl "180+2"]
[EndTime "14:24:22 PDT"]
[Termination "PIwan won on time"]

1. c4 e6 2. g3 d5 3. Bg2 Nf6 4. Nf3 Be7 5. O-O O-O 6. b3 b6 7. Bb2 Bb7 8. e3 dxc4 9. bxc4 c5 10.
Qe2 Be4 11. Ne5 Bxg2 12. Kxg2 Qc7 13. f4 Nc6 14. d3 Rad8 15. Nd2 Nxe5 16. fxe5 Qc6+ 17.
Nf3 Nd7 18. d4 f6 19. e4 fxe5 20. d5 exd5 21. exd5 Qg6 22. Nxe5 Nxe5 23. Qxe5 Rfe8 24. Qf5 Qxf5 25. Rxf5 Bd6 26. Raf1 Re7 27. a4 Rde8 28.
R1f2 Re2 29. Rxe2 Rxe2+ 30. Rf2 Re4 31. Rc2 g6 32. Kf3 Re1 33. Re2 Rb1 34. Be5 Bxe5 35. Rxe5 Kf7 36. d6 Rd1 37. Re7+ Kf6 38. Rxh7 Rxd6 39.
Rxa7 Ke5 40. Ke3 Re6 41. Rf7 Kd6+ 42. Kf4 Re2 43. Rf6+ Kc7 44. h4 Rc2 45. Rxg6 Rxc4+ 46. Kg5 Rxa4 47. h5 Ra1 48. h6 Rh1 49. Rg7+ Kc6 50. g4 c4 51. Kg6 c3 52. Rg8 Kc7 53. Rg7+ Kc6 54. Rg8 Kc7 55. Rg7+ Kd6 56. Rg8 c2 57. Rc8 c1=Q 58. Rxc1 Rxc1 59. h7 Rh1 60. Kg7 Ke6 61. g5 Kf5 62. g6 b5 63. Kf7 b4 64. h8=Q Rxh8 0-1

[Event "*** Titled Tuesday Blitz"]
[Site "Chess.com"]
[Date "2019.07.02"]
[Round "6"]
[White "xdb"]
[Black "fidezivkovic"]
[Result "0-1"]
[WhiteElo "2211"]
[BlackElo "2249"]
[TimeControl "180+2"]
[EndTime "14:24:25 PDT"]
[Termination "fidezivkovic won on time"]

1. d4 Nf6 2. c4 e6 3. Nc3 Bb4 4. a3 Bxc3+ 5. bxc3 b6 6. f3 Nc6 7.
e4 Ba6 8. Bg5 h6 9. Bh4 Na5 10.
e5 g5 11. Bf2 Ng8 12. Qa4 Ne7 13. h4 Ng6 14. Bd3 Nf4 15. Bf1 Rg8 16. Be3 Qe7 17.
hxg5 hxg5 18. g3 Ng6 19. Bd3 O-O-O 20. Rh7 d6 21. Nh3 Nf8 22. Rh5 dxe5 23. Bxg5 f6 24. Be3 Rxg3 25. Kf2 Qg7 26. Rg1 Rxg1 27. Nxg1 Qd7 28.
Qxd7+ Nxd7 29. Rh4 Bxc4 30. Bc2 exd4 31. Rxd4 Ne5 32.
Rxd8+ Kxd8 33. Nh3 c5 34. Nf4 Ke7 35. Kg3 Bb3 36.
Be4 Nac4 37. Bc1 Nd6 38. Bh7 f5 39. Kf2 Kf6 40. Nh5+ Kf7 41. Bf4 Ndc4 42. Bg3 Nd7 43.
Nf4 Nf6 44. Bg6+ Ke7 45. Bh4 Ne5 46. Bh5 Nd7 47. Bg6 e5 48. Nh5 Ke6 49. Ng7+ Kd5 50.
Nxf5 Kc4 51. Nd6+ Kxc3 52. Nb5+ Kb2 53. Bf5 Ba4 54. Nxa7 Kxa3 55. Nc8 b5 56. Nd6 c4 57. Ke2 Kb2 58. Kd2 c3+ 0-1

[Event "*** Titled Tuesday Blitz"]
[Site "Chess.com"]
[Date "2019.07.02"]
[Round "6"]
[White "KaterynaLagno"]
[Black "Qvalda"]
[Result "1-0"]
[WhiteElo "2660"]
[BlackElo "2496"]
[TimeControl "180+2"]
[EndTime "14:24:29 PDT"]
[Termination "KaterynaLagno won on time"]

1. e4 c5 2. Nf3 g6 3. d4 cxd4 4. Nxd4 Nc6 5. c4 Nf6 6. Nc3 Nxd4 7. Qxd4 d6 8. Bg5 Bg7 9. Qd2 O-O 10. Bd3 a5 11. b3 a4 12. b4 Be6 13. Rc1 Qb6 14. a3 Rfc8 15. Nd5 Bxd5 16. exd5 Qd4 17. O-O b5 18. Be3 Qh4 19. cxb5 Rxc1 20. Qxc1 Ng4 21.
Bf4 Bd4 22. Bg3 Qf6 23. Qc6 Rb8 24. Qc7 Rb6 25. Be2 Ne5 26. Rd1 h5 27. h4 Ng4 28.
Bxg4 hxg4 29. Re1 Rxb5 30. Rxe7 Rxd5 31. Re8+ Kg7 32. Qc8 Bxf2+ 33. Bxf2 Rd1+ 34. Kh2 Qxf2 35. Rg8+ Kf6 36. Qd8+ Ke6 37. Re8+ Kd5 38. Qa5+ Kc4 39. Re4+ Kb3 40. Rxg4 Qg1+ 41. Kh3 Rd3+ 42. Rg3 Qh1+ 43. Kg4 Qd1+ 44. Rf3 Rxf3 45. gxf3 Qd4+ 46. f4 Kxa3 47. b5 Qg1+ 48. Kf3 Qf1+ 49. Ke4 Qc4+ 50. Ke3 Qb3+ 51. Kd4 Qd1+ 52. Kc4 Qe2+ 53. Kd5 Qd3+ 54. Kc6 Qc4+ 55. Kxd6 Kb3 56. b6 Qxf4+ 57. Kc6 Qc4+ 58. Qc5 a3 59. b7 Qxc5+ 60. Kxc5 a2 61. b8=Q+ Kc2 62.
Qe5 Kb1 63. Qe1+ Kb2 64. Qd2+ Kb1 65. Kb4 a1=Q 66. Kb3 1-0

[Event "*** Titled Tuesday Blitz"]
[Site "Chess.com"]
[Date "2019.07.02"]
[Round "6"]
[White "DerSchachaffe"]
[Black "wnstop"]
[Result "1-0"]
[WhiteElo "2428"]
[BlackElo "2672"]
[TimeControl "180+2"]
[EndTime "14:24:42 PDT"]
[Termination "DerSchachaffe won by checkmate"]

1. e4 c5 2. Nf3 Nc6 3. d4 cxd4 4. Nxd4 e5 5. Nb5 d6 6. c4 Be7 7.
Bd3 Be6 8. O-O Nf6 9. N5c3 Nd7 10. Nd5 O-O 11. Nbc3 Nc5 12. b4 Nxd3 13. Qxd3 Bg5 14. b5 Nd4 15. f4 Bf6 16. Nxf6+ Qxf6 17. fxe5 Qxe5 18. Bf4 Qc5 19. Be3 Bxc4 20. Qd2 Bxf1 21. Bxd4 Qc4 22. Rxf1 f6 23. Nd5 Rae8 24. Ne3 Qxb5 25.
Nf5 d5 26. Nxg7 Rxe4 27. Nh5 Rxd4 28. Qxd4 Qb6 29. Qxb6 axb6 30. Nxf6+ Kh8 31. Nxd5 Ra8 32. Rf2 b5 33. h4 Rd8 34. Ne7 Kg7 35. Kh2 b4 36.
Nf5+ Kf6 37. Ne3+ Ke5 38. Rf7 Ke4 39. Ng4 Rd2 40. Rxb7 Rxa2 41. Rxb4+ Kf5 42. Kh3 Ra3+ 43. g3 Ra1 44. Rf4+ Kg6 45. Rf6+ Kg7 46. Rb6 Rh1+ 47. Kg2 Ra1 48. h5 Ra2+ 49. Kh3 h6 50. Nxh6 Ra5 51. g4 Kh7 52. Nf5 Ra7 53. Kh4 Rd7 54. Re6 Rd1 55. Re7+ Kg8 56. Ra7 Kf8 57. h6 Kg8 58.
Kg5 Rc1 59. Kg6 Rc6+ 60. Kh5 Kh8 61. g5 Rc8 62. g6 Rb8 63. Kg5 Rc8 64. Rh7+ Kg8 65.
Ne7+ Kf8 66. Nxc8 Kg8 67. Nd6 Kf8 68. Rf7+ Kg8 69. h7+ Kh8 70. Rf8+ Kg7 71. h8=Q# 1-0

[Event "*** Titled Tuesday Blitz"]
[Site "Chess.com"]
[Date "2019.07.02"]
[Round "6"]
[White "tunadrol"]
[Black "Gubajdullin"]
[Result "1-0"]
[WhiteElo "2453"]
[BlackElo "2595"]
[TimeControl "180+2"]
[EndTime "14:24:47 PDT"]
[Termination "tunadrol won by resignation"]

1. e4 c6 2. d4 d5 3. Nc3 dxe4 4. Nxe4 Bf5 5. Ng3 Bg6 6. N1e2 h6 7. Nf4 Bh7 8. Bc4 e6 9. Bxe6 fxe6 10. Nxe6 Qd7 11.
O-O Nf6 12. Re1 Kf7 13. c3 Bd6 14. Qb3 Nd5 15. c4 Nc7 16. Nxc7 Bxc7 17. c5+ Kf8 18. Qxb7 Ba5 19. Qxa8 Kf7 20. Re3 Rc8 21. Rf3+ Kg8 22. Nh5 Na6 23. Rg3 Rxa8 24. Nf6+ Kh8 25. Nxd7 Rd8 26. Ne5 Rxd4 27. Be3 Rd5 28. Nf7+ Kg8 29. Nxh6+ Kf8 30. Rf3+ Ke8 31. Nf7 Nxc5 32. Bxc5 Rxc5 33. Rd1 Rc2 34. Nd6+ Ke7 35. Rf7+ Ke6 36. Rxg7 Bd3 37. h4 Be2 38. Rd4 Bb6 39. Rg6+ Ke5 40. Re4+ Kd5 41.
Rf4 Bd3 42. Rgf6 Bd4 43. Rxd4+ Kxd4 44. Nf7 c5 45. Rd6+ Ke4 46. Ng5+ Ke5 47. Rxd3 Rxb2 48. Ra3 c4 49. Rxa7 c3 50. Nf3+ Ke4 51. Rc7 Rb1+ 52. Kh2 Kd3 53. Ne5+ Kd2 54. Nc4+ Kd3 55. Na3 Rb2 56.
Rd7+ Ke2 57. Rc7 Kd3 58. Kg3 Rxa2 59. Rd7+ Ke2 60. Nb5 c2 61. Nd4+ Ke1 62. Nxc2+ Rxc2 63. h5 Rc3+ 64. f3 Rc5 65. Kg4 Kf2 66. h6 Kxg2 67. h7 Rc8 68. Rg7 Kf2 69. Rg8 Rc4+ 70. f4 Rc1 71.
h8=Q Rg1+ 72. Kf5 1-0

[Event "*** Titled Tuesday Blitz"]
[Site "Chess.com"]
[Date "2019.07.02"]
[Round "6"]
[White "BlackBoarder"]
[Black "nubair1198"]
[Result "1-0"]
[WhiteElo "2504"]
[BlackElo "2648"]
[TimeControl "180+2"]
[EndTime "14:24:54 PDT"]
[Termination "BlackBoarder won by resignation"]

1. e4 g6 2. d4 Bg7 3. Nc3 c6 4. Nf3 d6 5. a4 Nf6 6. Be2 O-O 7. O-O a5 8. h3 Nbd7 9. Bf4 Nh5 10. Bh2 e5 11. dxe5 dxe5 12. Qd6 Re8 13. Rfd1 Bf8 14.
Qd2 Qf6 15. Qg5 Qxg5 16. Nxg5 Bh6 17. Nf3 Bf4 18. g3 Bh6 19. Kg2 Nc5 20. Nd2 Be6 21. Nc4 Bxc4 22. Bxc4 Rad8 23. f3 Be3 24. Ne2 Rxd1 25.
Rxd1 Nxa4 26. Rd7 Kh8 27. Rxb7 f5 28. exf5 Nc5 29. Rc7 Rb8 30. g4 Nf4+ 31. Nxf4 exf4 32. f6 g5 33. b3 Rf8 34. Rxc6 Bd4 35. Bg1 Bxg1 36.
Kxg1 Nd7 37. f7 Ne5 38. Rc5 Nxf3+ 39. Kf2 Nd2 40. Bd5 Kg7 41. Rxa5 Rd8 42. c4 Nxb3 43. Ra7 Nc5 44. f8=Q+ Kxf8 45. Rxh7 Rd6 46. Rf7+ Ke8 47. Rf5 Rh6 48. Kg2 Kd7 49. Rxg5 Ra6 50. Rf5 Ra2+ 51. Kf3 Nd3 52. Ke4 Nf2+ 53. Kxf4 Nxh3+ 54.
Ke5 Ra1 55. Kf6 Rg1 56. g5 Ke8 57. g6 Kf8 58. c5 Rg4 59. c6 Nf4 60. g7+ Rxg7 61.
Rxf4 Ra7 62. Ke6+ Ke8 63. Rh4 Re7+ 64. Kd6 Kd8 65. Rh8+ Re8 66. c7+ 1-0

[Event "*** Titled Tuesday Blitz"]
[Site "Chess.com"]
[Date "2019.07.02"]
[Round "6"]
[White "Barrelius"]
[Black "DrVitman"]
[Result "1-0"]
[WhiteElo "2624"]
[BlackElo "2690"]
[TimeControl "180+2"]
[EndTime "14:25:00 PDT"]
[Termination "Barrelius won by resignation"]

1. Nf3 Nf6 2. c4 e6 3. Nc3 d5 4. d4 Nbd7 5. cxd5 exd5 6. Bf4 c6 7.
e3 Be7 8. Bd3 Nf8 9. O-O Bg4 10.
h3 Bh5 11. Rb1 Ne6 12. Be5 Bd6 13. Bxd6 Qxd6 14. b4 a6 15. a4 O-O 16. Be2 Bxf3 17.
Bxf3 b5 18. a5 Rae8 19. Na2 Ng5 20. Nc1 Nfe4 21. Rb3 Nxf3+ 22. gxf3 Qg6+ 23. Kh2 Qd6+ 24. Kg2 Ng5 25. f4 Ne4 26. Nd3 Qg6+ 27. Kh2 Qh6 28. Rg1 f6 29. Rb2 Nd6 30. Rc2 Nc4 31. Qg4 f5 32. Qf3 Rf6 33. Rg5 g6 34. Nc5 Ra8 35.
Rc1 Nd2 36. Qe2 Ne4 37. Nxe4 dxe4 38. Rc5 Rd8 39. Qc2 Rdd6 40. Re5 Qf8 41. Qc5 Rde6 42. Qc3 Qd6 43. Rg1 Kf7 44. Rc5 Qd7 45. h4 Rd6 46. Kh3 Rd5 47. Rc1 Rdd6 48. Qb3+ Rfe6 49. Re5 Rd5 50.
Rxd5 cxd5 51. Rc5 Rd6 52. Qc3 Ke6 53. Rc7 Qe8 54. Qc5 h6 55. Rb7 g5 56. Rb6 g4+ 57.
Kg3 Qd7 58. h5 Rxb6 59. axb6 Qb7 60. Kg2 Kd7 61. Kf1 Qc6 62. Ke1 Qxc5 63. dxc5 Kc6 64. Kd2 Kd7 65. Kc3 Kc6 66. Kd4 Kd7 67. Kxd5 Kc8 68. c6 Kb8 69. Kd6 Kc8 70. b7+ Kb8 71. Kd7 1-0